 Dungeon Crawl Stone Soup version 0.30-a0-263-ge22c4ad894 (webtiles) character file.

Game seed: 10215805425432937814

2 gzilladon the Chopper (level 1, -1/20 HPs)
             Began as a Hill Orc Monk on Oct 13, 2022.
             Slain by a quokka (3 damage)
             ... on level 1 of the Dungeon.
             The game lasted 00:00:18 (85 turns).

gzilladon the Chopper (Hill Orc Monk)                 Turns: 85, Time: 00:00:20

Health: -1/20      AC:  2    Str: 13    XL:     1   Next: 30%
Magic:  1/1        EV: 12    Int: 10    God:
Gold:   17         SH:  0    Dex: 13    Spells: 0/0 levels left

rFire   . . .      SeeInvis .    a - +0 hand axe
rCold   . . .      Faith    .    (no shield)
rNeg    . . .      Spirit   .    b - +0 robe
rPois   .          Reflect  .    (no helmet)
rElec   .          Harm     .    (no cloak)
rCorr   .          Rampage  .    (no gloves)
Will    .....                    (no boots)
Stlth   ++........               (no amulet)
HPRegen 0.23/turn                (no ring)
MPRegen 0.07/turn                (no ring)

@: no status effects
A: no striking features
a: no special abilities


You were on level 1 of the Dungeon.
You visited 1 branch of the dungeon, and saw 1 of its levels.

You collected 17 gold pieces.

Inventory:

Hand Weapons
 a - a +0 hand axe (weapon)
Armour
 b - a +0 robe (worn)
Potions
 c - a potion of ambrosia


   Skills:
 + Level 3.7 Fighting
 * Level 4.0 Axes
 + Level 2.4 Dodging
 + Level 1.5 Stealth


You couldn't memorise any spells.
You didn't know any spells.
Your spell library was empty.

Dungeon Overview and Level Annotations

Branches:
Dungeon (1/15)

Altars:


Message History

You see here a ball python corpse.
Found 9 gold pieces.
You now have 17 gold pieces (gained 9).
A frilled lizard comes into view.
A quokka and a bat come into view.
An endoplasm comes into view.
Found 10 gold pieces.
The frilled lizard hisses angrily.
You hear a shout!
The bat hits you but does no damage.
A hobgoblin comes into view.
You hear a shout!
You miss the bat. You hit the quokka but do no damage.
You hear a bark!
The bat hits you. The quokka misses you.
You barely miss the frilled lizard. You hit the bat but do no damage.
You hit the quokka but do no damage. The bat closely misses you.
The quokka bites you. The frilled lizard misses you.
A kobold comes into view. It is wielding a +0 dagger.
You hit the frilled lizard but do no damage.
You barely miss the quokka. The bat hits you but does no damage.
The quokka twitches its whiskers.
The quokka bites you but does no damage.
The frilled lizard bites you. The quokka barely misses you.
You hit the frilled lizard.
You kill the frilled lizard!
You hit the bat but do no damage. You barely miss the quokka.
The bat barely misses you. The quokka bites you.
You hit the bat.
The bat is moderately wounded.
You hit the hobgoblin but do no damage. You hit the quokka. The bat misses you.
The bat hits you but does no damage. The quokka bites you.
The hobgoblin hits you.
* * * LOW HITPOINT WARNING * * *
You miss the bat.
The bat is moderately wounded.
You hit the hobgoblin. You hit the quokka. The bat closely misses you.
The quokka bites you.
* * * LOW HITPOINT WARNING * * *
The hobgoblin closely misses you. The quokka bites you.
You die...

§≈ ≈≈ .#.. .≈ .#.#
.≈#...# #... ###... ..#
#g#..# ##.# ###..#
##..#
##...##########...#
##..............@†#
#............##.grb#
.)†....###...#..J.K...$
.#.##.## ##.##.##.##..#
...##.# #.##. ..# ##
#####.# #.##. #... #.#
#..#. #### #.# ##.#.
#.# .#


You could see an endoplasm, a quokka, a hobgoblin, a bat and a kobold.

Vanquished Creatures
  A ball python (D:1)
  A frilled lizard (D:1)
  A kobold (D:1)
3 creatures vanquished.

Notes
Turn   | Place    | Note
-------+----------+-------------------------------------------
     0 | D:1      | gzilladon the Hill Orc Monk began the quest for the Orb.
     0 | D:1      | Reached XP level 1. HP: 19/19 MP: 1/1
    85 | D:1      | Slain by a quokka

Illustrated notes

Levels and vault maps discovered:
D:1:      lordsloth_arrival_two_stooges, layout_loops_ring,
          minmay_close_crescents

Action                   || total
-------------------------++-------
Melee: Hand axe          ||    15
Armor: Robe              ||     6
Dodge: Dodged            ||    11

Table legend: (Time is in decaauts)
 A = Elapsed time spent in this place.
 B = Non-inter-level travel time spent in this place.
 C = Inter-level travel time spent in this place.
 D = Time resting spent in this place.
 E = Time spent auto-exploring this place.
 F = Levels seen in this place.
 G = Mean time per level.
                   A        B        C        D        E       F      G
               +--------+--------+--------+--------+--------+-----+--------+
         Total |     86 |     86 |      0 |     21 |      0 |   1 |   86.0 |
       Dungeon |     86 |     86 |      0 |     21 |      0 |   1 |   86.0 |
               +--------+--------+--------+--------+--------+-----+--------+

Top non-repeatable levels by time:
     D:1: 86 daAuts
